Map: Dusty Gorge

Players

Subwaymaker - Winner!

  • Race: Protoss Protoss
  • League: Gold
  • Spawn Location: 3:00

Mesrob - Winner!

  • Race: Terran Terran
  • League: Platinum
  • Spawn Location: 5:00

weinerdic

  • Race: Protoss Protoss
  • League: Silver
  • Spawn Location: 9:00

Sam

  • Race: Terran Terran
  • Spawn Location: 11:00

VOD

Have the link to the VOD?

Description

Time

  • Played on: July 16, 2019, 8:58 p.m.
  • Length: 7:10
Show
View Real Time Build Order
Export as new Build Order

Subwaymaker Protoss - Winner!

Build Orders: Oracle Opening 

Get SALT Encoding   

  12  0:00  Probe  
  13  0:11  Probe  
  14  0:23  Pylon  
  14  0:31  Probe  
  15  0:44  Probe  
  15  0:48  Gateway  
  16  0:55  Probe  
  17  1:02  Assimilator  
  17  1:03  Probe  
  17  1:06  Assimilator  
  18  1:11  Probe  
  19  1:22  Probe  
  19  1:24  Pylon  
  19  1:43  Probe  
  19  1:44  Cybernetics Core  
  20  1:55  Probe  
  20  1:58  Zealot  
  23  2:08  Probe  
  24  2:17  Probe  
  24  2:19  Pylon  
  25  2:25  Probe  
  26  2:30  Warp Gate  
  26  2:39  Stargate  
  26  2:48  Probe  
  27  2:53  Gateway  
  27  2:55  Gateway  
  27  2:57  Twilight Council  
  27  3:00  Pylon, Probe  
  27  3:03  Zealot  
  30  3:13  Oracle  
  30  3:24  Charge  
  33  3:30  Zealot  
  35  3:58  Oracle  
  38  4:03  Probe  
  39  4:15  Probe  
  40  4:22  Zealot x3  
  43  4:43  Zealot x2  
  47  4:52  Pylon  
  47  4:54  Nexus  
  47  4:55  Assimilator  
  47  4:57  Assimilator  
  47  4:59  Pylon  
  44  5:29  Zealot  
  44  5:30  Zealot  
  44  5:31  Zealot  
  48  6:04  Zealot  
  48  6:05  Zealot x2  
  48  6:09  Probe  
  48  6:11  Probe  
  56  6:21  Probe  
  56  6:23  Oracle, Probe  
  56  6:25  Zealot x2  
  63  6:26  Zealot  
  63  6:32  Pylon  
  67  6:33  Probe  
  67  6:35  Probe  
Show
View Real Time Build Order
Export as new Build Order

Mesrob Terran - Winner!

Build Orders: 2 Factory, Reaper Expand 

Get SALT Encoding   

  12  0:01  SCV  
  13  0:13  SCV  
  14  0:19  Supply Depot  
  14  0:25  SCV  
  15  0:40  SCV  
  15  0:41  Barracks  
  16  0:47  Refinery  
  16  0:52  SCV  
  17  1:04  SCV  
  18  1:16  SCV  
  19  1:35  Orbital Command  
  19  1:38  Reaper  
  20  1:43  Command Center  
  20  1:52  Refinery  
  20  2:02  SCV  
  21  2:12  Factory  
  21  2:14  SCV  
  22  2:22  Barracks Reactor  
  22  2:26  SCV  
  23  2:38  Engineering Bay  
  23  2:41  Supply Depot  
  23  2:54  SCV  
  23  2:56  Factory  
  24  3:12  Orbital Command  
  24  3:15  Hellion x2  
  24  3:19  SCV  
  29  3:24  Armory  
  29  3:28  Supply Depot  
  29  3:31  SCV  
  30  3:40  Factory  
  30  3:45  Factory Tech Lab  
  30  3:49  SCV x2  
  32  4:01  SCV x2  
  34  4:02  Supply Depot  
  34  4:04  Hellion  
  34  4:06  Cyclone  
  39  4:12  Hellion  
  39  4:15  Mag-Field Accelerator  
  41  4:18  SCV  
  41  4:23  SCV  
  43  4:27  Refinery  
  43  4:28  Refinery  
  43  4:30  Factory Tech Lab  
  43  4:35  Hellion, SCV  
  46  4:40  Hellion  
  48  4:47  Cyclone  
  48  4:50  SCV  
  52  4:55  SCV  
  56  5:00  Cyclone  
  56  5:03  SCV  
  57  5:08  Hellion x2  
  61  5:27  Supply Depot  
  61  5:48  Cyclone  
  64  5:51  Supply Depot  
  64  6:16  Supply Depot  
  64  6:23  SCV x2  
  66  6:34  Cyclone  
  66  6:35  SCV x2, Cyclone  
  74  6:46  Command Center  
Show
View Real Time Build Order
Export as new Build Order

weinerdic Protoss 

Build Orders:  

Get SALT Encoding   

  12  0:17  Pylon  
  12  0:18  Probe  
  12  0:26  Probe  
  14  0:38  Gateway  
  14  0:47  Probe  
  15  0:59  Probe  
  16  1:08  Pylon  
  16  1:12  Probe  
  17  1:40  Zealot  
  17  1:41  Forge  
  19  1:58  Cybernetics Core  
  19  1:59  Probe  
  20  2:06  Assimilator  
  20  2:07  Zealot  
  22  2:11  Probe  
  22  2:13  Assimilator  
  23  2:23  Probe  
  23  2:26  Photon Cannon  
  24  2:34  Zealot  
  26  3:01  Stalker  
  28  3:14  Probe  
  29  3:22  Nexus  
  29  3:26  Probe  
  30  3:37  Pylon  
  30  3:51  Stargate  
  30  3:55  Stalker  
  32  4:03  Pylon  
  32  4:09  Photon Cannon  
  32  4:10  Photon Cannon  
  25  4:32  Stalker  
  25  4:35  Probe  
  28  4:53  Probe  
  29  5:07  Pylon  
  17  5:34  Photon Cannon  
  8  5:45  Photon Cannon  
Show
View Real Time Build Order
Export as new Build Order

Sam Terran 

Build Orders:  

Get SALT Encoding   

  12  0:49  Command Center  
  12  0:50  Refinery  
  12  0:57  Refinery  
  12  0:59  SCV  
  14  1:11  SCV  
  14  1:23  SCV  
  14  1:24  Supply Depot  
  15  1:46  SCV  
  16  1:58  Barracks, SCV  
  17  2:09  Supply Depot  
  17  2:10  SCV  
  18  2:30  Engineering Bay  
  18  2:36  SCV  
  19  2:48  SCV  
  20  3:00  Planetary Fortress  
  20  3:06  Orbital Command  
  20  3:28  Factory  
  20  3:48  SCV  
  21  3:53  Refinery  
  21  3:56  Refinery  
  21  4:00  SCV  
  22  4:12  SCV  
  23  4:17  Command Center  
  23  4:24  SCV  
  24  4:34  Factory Tech Lab  
  24  4:36  SCV  
  25  4:48  SCV  
  25  4:49  SCV  
  27  4:56  Starport  
  27  4:57  Siege Tank  
  30  5:01  SCV  
  30  5:04  SCV  
  32  5:16  SCV  
  33  5:30  Orbital Command  
  33  5:39  Supply Depot  
  33  6:01  Supply Depot  
  33  6:09  Siege Tank  
  33  6:16  Starport Tech Lab  
  33  6:24  Supply Depot  
Tags
 
Add a new tag
Caveats
  • Supply blocks, unpowered buildings, or Contaminate may cause inaccurate times.
  • Supply counts are checked every 10 seconds.